 Seeded DCSS version 0.27-a0-1500-g450c7e4133 (webtiles) character file.

Game seed: 20210708 (custom seed)

307 muata the Sneak (level 6, -8/39 HPs)
             Began as an Octopode Brigand on July 8, 2021.
             Was an Initiate of Wu Jian.
             Mangled by a scorpion (10 damage)
             ... on level 4 of the Dungeon.
             The game lasted 00:11:31 (2303 turns).

muata the Sneak (Octopode Brigand)                  Turns: 2303, Time: 00:11:32

Health: -8/39      AC:  1    Str: 10    XL:     6   Next: 40%
Magic:  2/2        EV: 14    Int: 13    God:    Wu Jian [......]
Gold:   137        SH:  0    Dex: 16    Spells: 4/5 levels left

rFire    . . .     SeeInvis +   r - +5 demon whip "Spellbinder" {antimagic, Will+}
rCold    . . .     Faith    .   (no shield)
rNeg     . . .     Spirit   .   (helmet restricted)
rPois    .         Reflect  .   n - amulet of regeneration
rElec    .         Harm     .   s - ring of see invisible
rCorr    .         Rampage  .   (no ring)
Will     +....                  (no ring)
Stlth    +++++.....             (no ring)
HPRegen  1.13/turn              (no ring)
MPRegen  0.08/turn              (no ring)
                                (no ring)
                                (no ring)

@: no status effects
A: almost no armour, amphibious, 8 rings, camouflage 1, gelatinous body 1,
(nimble swimmer 1), tentacles
a: Renounce Religion


You were on level 4 of the Dungeon.
You worshipped Wu Jian.
Wu Jian was noncommittal.
You visited 1 branch of the dungeon, and saw 4 of its levels.

You collected 137 gold pieces.

Inventory:

Hand Weapons
 a - a +2 dagger
 j - a +0 dagger of venom
 p - a +2 hand axe of venom
 r - the +5 demon whip "Spellbinder" (weapon) {antimagic, Will+}
   (You found it on level 4 of the Dungeon)

   It reduces the magical energy of the wielder, and disrupts the spells and
   magical abilities of those hit.
   Natural abilities and divine invocations are not affected.
   Will:      It increases your willpower.
Missiles
 b - 8 poisoned darts (quivered)
 c - 2 curare-tipped darts
 m - 2 throwing nets
Jewellery
 n - an amulet of regeneration (around mantle)
 s - a ring of see invisible (left tentacle)
 u - a +6 ring of intelligence
Scrolls
 d - a scroll of enchant armour
 e - 2 scrolls of identify {unknown}
 f - 2 scrolls of magic mapping
 i - a scroll of blinking {unknown}
 k - a scroll of immolation {unknown}
 l - a scroll of fear {unknown}
Potions
 g - a potion of berserk rage {unknown}
 h - a potion of flight {unknown}
 o - a potion of brilliance {unknown}
 q - 3 potions of attraction {unknown}
 t - 2 potions of curing {unknown}


   Skills:
 - Level 2.0 Fighting
 + Level 4.3 Short Blades
 - Level 2.0 Throwing
 + Level 2.9 Dodging
 + Level 7.7 Stealth


You had 4 spell levels left.
You knew the following spells:

 Your Spells              Type           Power      Damage    Failure   Level
a - Sting                 Tmut/Pois      0%         1d3       30%         1

Your spell library contained the following spells:

 Spells                   Type           Power      Damage    Failure   Level
 Poisonous Vapours        Pois/Air       0%         N/A       43%         2
 Call Canine Familiar     Summ           0%         N/A       67%         3
 Portal Projectile        Hex/Tloc       0%         N/A       67%         3
 Leda's Liquefaction      Hex/Erth       0%         N/A       97%         4
 Olgreb's Toxic Radiance  Pois           0%         N/A       97%         4


Dungeon Overview and Level Annotations

Branches:
Dungeon (4/15)
 Temple: D:4-7

Altars:
Gozag
Wu Jian

Annotations:
D:3 3 runed translucent doors, trckry's ghost, novice DEFE


Innate Abilities, Weirdness & Mutations

You cannot wear most types of armour.
You are amphibious.
You can wear up to eight rings at the same time.
Your skin changes colour to match your surroundings (Stealth+).
Your rubbery body absorbs attacks. (AC +1, EV +1)
((You are camouflaged near water. (Stealth+)))
You have tentacles for arms and can constrict up to eight enemies at once.


Message History

The gnoll is severely wounded.
You constrict the gnoll.
A gnoll comes into view. It is wielding a +0 halberd.
The gnoll completely misses you.
You hit the gnoll.
You kill the gnoll!
The Council accepts your kill.
A gnoll comes into view. It is wielding a +0 whip.
The gnoll shaman calls upon its god to speed up something.
A gnoll comes into view. It is wielding a +0 spear.
The gnoll barely misses you.
The gnoll hits you from afar with a +0 spear.
The gnoll shaman hits you with a +0 whip.
Things that are here:
a +0 whip; a gnoll corpse You hit the gnoll shaman.
You grab the gnoll shaman.
The gnoll shaman is moderately wounded.
You constrict the gnoll shaman. The gnoll misses you.
The gnoll barely misses you. The gnoll shaman barely misses you.
You hit the gnoll shaman.
The gnoll shaman is heavily wounded.
You constrict the gnoll shaman.
The gnoll hits you from afar with a +0 spear.
The gnoll closely misses you.
The gnoll hits you from afar with a +0 spear.
The gnoll shaman barely misses you.
You hit the gnoll shaman.
The gnoll shaman is almost dead.
You constrict the gnoll shaman. The gnoll misses you. x2
The gnoll shaman invokes the aid of its god against you.
You resist with almost no effort. The gnoll barely misses you.
You whack the gnoll shaman!
You kill the gnoll shaman!
The Council accepts your kill.
The gnoll hits you from afar with a +0 spear!
* * * LOW HITPOINT WARNING * * *
The gnoll hits you with a +0 whip!
* * * LOW HITPOINT WARNING * * *
The gnoll closely misses you. The scorpion stings you!
You die...

...§≈## #.##.#
..§§## *..#.# .≈§##
###.#.# ≈≈##
##...#.# ###
##..#.(.# .#
##.##.##.## .#
##.##.⌠.##.## .#
##.####.####.## .#
#..#[#.##*,#@.# .#
#.#[⌠.#*#.gs#g#
.####..#.###.#g#,.#
........##*,#.#,,##
#####..##*,8.#**,*
#..#*,#.#,*,,**
#..#,#.#,*,*,,**
#.#.⌠.#**,⌠,*,,*
#..#.*,*,*,*,,,*


You could see a scorpion and 3 gnolls.

Vanquished Creatures
  A howler monkey (D:4)
  A jelly (D:4)
  A gnoll shaman (D:4)
  3 orc wizards (D:3)
  A hound skeleton (D:4)
  A gnoll (D:4)
  4 adders
  3 worms
  2 dart slugs
  8 orcs
  6 ball pythons
  5 endoplasms
  3 giant cockroaches
  4 goblins
  8 hobgoblins
  4 jackals (D:1)
  3 kobolds
  2 quokkas
  6 bats
  9 frilled lizards
  A quokka skeleton (D:4)
  10 rats
86 creatures vanquished.

Notes
Turn   | Place    | Note
-------+----------+-------------------------------------------
     0 | D:1      | muata the Octopode Brigand began the quest for the Orb.
     0 | D:1      | Reached XP level 1. HP: 14/14 MP: 1/1
   157 | D:1      | Reached XP level 2. HP: 15/19 MP: 2/2
   448 | D:1      | Reached skill level 6 in Stealth
   487 | D:1      | Reached XP level 3. HP: 22/24 MP: 3/3
   571 | D:1      | Found a faded altar of an unknown god.
  1089 | D:2      | Reached XP level 4. HP: 27/29 MP: 4/4
  1091 | D:2      | Learned a level 1 spell: Sting
  1596 | D:3      | Reached XP level 5. HP: 24/34 MP: 5/5
  1615 | D:3      | Reached skill level 7 in Stealth
  1719 | D:3      | Found a runed translucent gate.
  1719 | D:3      | Found an opulent altar of Gozag.
  1720 | D:3      | Found a runed translucent gate.
  1721 | D:3      | Found a runed translucent gate.
  1722 | D:3      | Noticed trckry's ghost (novice DEFE)
  1813 | D:3      | Noticed a necrophage
  1860 | D:4      | Found an opulent altar of Gozag.
  1906 | D:4      | Reached XP level 6. HP: 38/39 MP: 6/6
  1931 | D:4      | Found the +5 demon whip "Spellbinder" {antimagic, Will+}
  2081 | D:4      | Found an ornate altar of the Wu Jian Council.
  2084 | D:4      | Became a worshipper of the Wu Jian Council
  2303 | D:4      | Mangled by a scorpion

Illustrated notes

Levels and vault maps discovered:
D:1:      dpeg_arrival_fog, layout_rooms, shapermc_ecumenical_altar_venn
D:2:      layout_basic
D:3:      layout_basic, ebering_ghost_gozag, minmay_strange_pillars
D:4:      kennysheep_spiral_hall, layout_loops_ring, grunt_gozag_breadcrumbs,
          kennysheep_mini_moat, kennysheep_cross_room, grunt_decor_mini_mirrors

Skill      XL: |  1  2  3  4  5 |
---------------+----------------+-----
Stealth        | 6 7 |  7.7
Short Blades   | 3 4 |  4.3
Dodging        | 2 |  2.9
Fighting       | |  2.0
Throwing       | |  2.0

Action                   |  1- 3 |  4- 6 || total
-------------------------+-------+-------++-------
Melee: Dagger            |    77 |    76 ||   153
       Constrict         |    20 |    21 ||    41
       Tentacles         |    10 |    11 ||    21
       Demon whip        |       |    22 ||    22
Invok: Lunge             |       |     1 ||     1
  Use: Scroll            |     1 |     1 ||     2
 Stab: Sleeping          |    10 |    13 ||    23
       Distracted        |       |     1 ||     1
Armor: Skin              |     7 |     1 ||     8
Dodge: Dodged            |    35 |    42 ||    77

Table legend: (Time is in decaauts)
 A = Elapsed time spent in this place.
 B = Non-inter-level travel time spent in this place.
 C = Inter-level travel time spent in this place.
 D = Time resting spent in this place.
 E = Time spent auto-exploring this place.
 F = Levels seen in this place.
 G = Mean time per level.
                   A        B        C        D        E       F      G
               +--------+--------+--------+--------+--------+-----+--------+
         Total |   2279 |   2223 |     56 |    267 |   1112 |   4 |  569.8 |
       Dungeon |   2279 |   2223 |     56 |    267 |   1112 |   4 |  569.8 |
               +--------+--------+--------+--------+--------+-----+--------+

Top non-repeatable levels by time:
     D:1: 718 daAuts
     D:2: 628 daAuts
     D:3: 467 daAuts
     D:4: 465 daAuts
